AoeStats
← HHH

Fortress

510210127Analyzed
2v2 RM · 3d ago on Sep 30, 2026· 52m 31s· 4 players
Game mode
Random Map
Map size
Normal (6 player)
Population
200
Speed
Normal
Resources
Standard
Victory
Conquest
Starting age
Dark Age
Ending age
Imperial Age
RankedLock teamsTeams togetherTeam positionsShared explorationLock speedFull tech treeHidden civsTurbo modeCheats
Victory
Defeat
🇸🇦 Danes · Saudi Arabia
936
+15
🇸🇦 Teutons · Saudi Arabia
932
+15
🇨🇱 Teutons · Chile
926
-15
🇺🇸 Burgundians · United States
912
-15
SAURON
5:58 Feudal Age
5:41 Double-Bit Axe
11:52 Castle Age
9:49 Gold Mining
9:56 Horse Collar
16:25 Fervor
16:22 Loom
19:30 Wheelbarrow
22:28 Imperial Age
20:34 Bow Saw
21:08 Fletching
21:11 Cavalier
21:51 Husbandry
22:37 Burgundian Vineyards
22:35 Stone Mining
23:21 Gold Shaft Mining
22:49 Town Watch
23:13 Squires
22:33 Pikeman
23:39 Conscription
26:04 Chemistry
25:25 Ballistics
25:23 Hand Cart
26:40 Heavy Plow
26:45 Bodkin Arrow
29:09 Hoardings
28:47 Capped Ram
30:21 Bracer
31:25 Two-Man Saw
31:43 Scale Barding Armor
32:50 Elite Skirmisher
33:47 Scale Mail Armor
33:10 Light Cavalry
34:38 Hussar
36:57 Chain Mail Armor
38:28 Halberdier
38:54 Treadmill Crane
42:32 Chain Barding Armor
42:42 Plate Mail Armor
50:00 Paladin
TitoHermoso
8:25 Feudal Age
8:51 Double-Bit Axe
8:48 Horse Collar
13:48 Castle Age
13:32 Gold Mining
13:37 Stone Mining
15:59 Wheelbarrow
16:37 Bow Saw
18:22 Ironclad
20:03 Loom
22:35 Scale Mail Armor
22:45 Forging
27:32 Chain Mail Armor
30:05 Iron Casting
32:11 Imperial Age
30:52 Fletching
32:39 Heavy Scorpion
34:32 Hand Cart
35:27 Bloodlines
39:36 Capped Ram
40:15 Pikeman
40:21 Man-at-Arms
40:43 Elite Teutonic Knight
41:31 Capped Ram
43:25 Hoardings
43:06 Cavalier
98_Natsu
9:16 Feudal Age
10:07 Double-Bit Axe
11:00 Wheelbarrow
10:08 Horse Collar
11:40 Stone Mining
11:40 Gold Mining
14:59 Castle Age
16:16 Hand Cart
16:16 Bow Saw
16:10 Heavy Plow
19:36 Stone Shaft Mining
25:45 Imperial Age
25:59 Elite Teutonic Knight
27:43 Conscription
27:42 Scale Mail Armor
28:38 Crop Rotation
28:46 Chain Mail Armor
30:34 Plate Mail Armor
31:36 Chemistry
32:12 Masonry
34:47 Forging
35:16 Scale Barding Armor
36:21 Padded Archer Armor
36:17 Fletching
40:43 Cavalier
HHH
0:29 Loom
7:37 Feudal Age
8:21 Double-Bit Axe
13:15 Castle Age
15:03 Bow Saw
14:46 Horse Collar
15:03 Stone Mining
15:03 Gold Mining
15:03 Stone Mining
15:03 Gold Mining
15:03 Stone Mining
15:21 Gold Mining
16:43 Heavy Plow
17:23 Wheelbarrow
16:43 Town Watch
19:06 Hand Cart
22:34 Gold Shaft Mining
24:44 Ballistics
24:37 Masonry
24:29 Hamask
29:58 Imperial Age
29:30 Heated Shot
29:36 Murder Holes
31:45 Chemistry
30:50 Siege Engineers
31:11 Conscription
32:05 Northmen's Fury
32:19 Heavy Scorpion
36:26 Onager
36:39 Hamask
38:15 Siege Onager
40:42 Elite Jomsviking
Connection lost

Rejoining the realm…

Still unreachable

The connection could not be restored.

Session expired

The server has moved on; the page needs a fresh start.